 Dungeon Crawl Stone Soup version 0.23.0-3-gf3c87f2 (webtiles) character file.

Game seed: 12555423590205067868

627 Frank the Slasher (level 7, -3/49 HPs)
             Began as an Octopode Fighter on Feb 21, 2019.
             Was an Initiate of Makhleb.
             Slain by a sky beast (6 damage)
             ... on level 5 of the Dungeon.
             The game lasted 00:05:25 (3334 turns).

Frank the Slasher (Octopode Fighter)                Turns: 3334, Time: 00:05:26

Health: -3/49      AC:  1    Str: 15    XL:     7   Next: 48%
Magic:  7/7        EV: 18    Int: 10    God:    Makhleb [......]
Gold:   141        SH: 13    Dex: 19    Spells: 6/6 levels left

rFire    . . .     SeeInvis +   a - +2 long sword
rCold    . . .     Gourm    .   b - +3 shield
rNeg     + . .     Faith    .   (helmet restricted)
rPois    .         Spirit   .   (no amulet)
rElec    .         Reflect  .   p - ring of Wyde Hibul {Fire rN+ SInv}
rCorr    .         Harm     .   f - ring of wizardry
MR       .....                  l - ring of ice
Stlth    +++++.....             (no ring)
HPRegen  0.16/turn              (no ring)
MPRegen  0.10/turn              (no ring)
                                (no ring)
                                (no ring)

@: agile, starving
A: almost no armour, stealthy swim, amphibious, 8 rings, constrict 8, camouflage
1, gelatinous body 1
a: Renounce Religion


You were on level 5 of the Dungeon.
You worshipped Makhleb.
Makhleb was noncommittal.
You were starving.

You visited 1 branch of the dungeon, and saw 5 of its levels.

You collected 271 gold pieces.
You spent 130 gold pieces at shops.

Inventory:

Hand Weapons
 a - a +2 long sword (weapon)
Armour
 b - a +3 shield (worn)
Jewellery
 f - a ring of wizardry (right tentacle)
 l - a ring of ice (on tentacle)
 p - the ring of Wyde Hibul (left tentacle) {Fire rN+ SInv}
   (You bought it in a shop on level 5 of the Dungeon)

   [ring of fire]

   It enhances your fire magic.
   It protects you from fire.
   It makes you vulnerable to cold.
   It protects you from negative energy.
   It lets you see invisible.
Wands
 e - a wand of random effects (11)
 k - a wand of polymorph (9)
Scrolls
 n - 3 scrolls of blinking
 o - a scroll of identify
Potions
 c - 3 potions of might
 h - 4 potions of brilliance
 j - a potion of lignification
 m - a potion of berserk rage {unknown}
Comestibles
 d - 11 rations


   Skills:
 + Level 4.3 Fighting
 + Level 5.1 Long Blades
 + Level 4.0 Dodging
 + Level 4.8 Stealth
 + Level 4.1 Shields


You had 6 spell levels left.
You didn't know any spells.
Your spell library contained the following spells:

 Spells                   Type           Power        Failure   Level  Hunger
 Animate Skeleton         Necr           N/A          50%         1    ##.....
 Apportation              Tloc           #.....       50%         1    ##.....
 Confusing Touch          Hex            #.....       50%         1    ##.....
 Summon Small Mammal      Summ           #...         50%         1    ##.....


Dungeon Overview and Level Annotations

Branches:
Dungeon (5/15)             Temple (0/1) D:4

Altars:
Makhleb
The Shining One

Shops:
D:4 *   D:5 *


Innate Abilities, Weirdness & Mutations

You cannot wear most types of armour.
You are very stealthy in the water. (Stealth+)
You are amphibious.
You can wear up to eight rings at the same time.
You can use your tentacles to constrict eight enemies at once.
Your skin changes colour to match your surroundings (Stealth+).
Your rubbery body absorbs attacks. (AC +1, EV +1)


Message History

The sky beast is almost dead.
The sky beast hits you. The sky beast shocks you.
You miss the sky beast.
The sky beast is almost dead.
You block the sky beast's attack. The sky beast hits you.
* * * LOW HITPOINT WARNING * * *
The sky beast shocks you.
* * * LOW HITPOINT WARNING * * *
You hit the sky beast.
The sky beast is almost dead.
The sky beast hits you.
* * * LOW HITPOINT WARNING * * *
The sky beast shocks you.
* * * LOW HITPOINT WARNING * * *
You feel better. The sky beast closely misses you.
You feel agile all of a sudden. The sky beast hits you.
* * * LOW HITPOINT WARNING * * *
The sky beast shocks you.
You die...

#.#
##...........
#[#
##.......####
#.# #.#....##
#.# #.#.#...
#.# #.#.#####
#.# #.#. #.#
#.# #.# #Y#
#.# #@#
#.#####.###
#.........#
#######.#.....
#.###### #.#
#.. ###


You could see a sky beast.

Vanquished Creatures
  A scorpion (D:5)
  2 crimson imps (D:5)
  A hound (D:4)
  A jelly (D:5)
  5 orc wizards
  Ijyb (D:3)
  Natasha (D:4)
  A worker ant (D:5)
  Robin (D:3)
  10 adders
  An ooze (D:3)
  3 worms (D:2)
  A dart slug (D:1)
  5 leopard geckos
  13 orcs
  6 giant cockroaches
  15 goblins
  21 hobgoblins
  4 quokkas
  A ball python (D:2)
  7 bats
  3 frilled lizards
  2 jackal skeletons (D:4)
  13 kobolds
  8 rats
127 creatures vanquished.

Notes
Turn   | Place    | Note
-------+----------+-------------------------------------------
     0 | D:1      | Frank the Octopode Fighter began the quest for the Orb.
     0 | D:1      | Reached XP level 1. HP: 16/16 MP: 1/1
    95 | D:1      | Reached XP level 2. HP: 9/21 MP: 2/2
   338 | D:1      | Reached XP level 3. HP: 19/26 MP: 3/3
   770 | D:2      | Reached skill level 1 in Stealth
   820 | D:2      | Reached XP level 4. HP: 26/31 MP: 4/4
  1012 | D:2      | Found a glowing golden altar of the Shining One.
  1033 | D:2      | Reached skill level 3 in Long Blades
  1247 | D:3      | Noticed Robin
  1250 | D:3      | Reached XP level 5. HP: 31/36 MP: 5/5
  1445 | D:3      | Killed Robin
  1524 | D:3      | Noticed Ijyb
  1533 | D:3      | Killed Ijyb
  1712 | D:3      | Reached XP level 6. HP: 29/43 MP: 6/6
  2008 | D:3      | Reached skill level 4 in Long Blades
  2702 | D:4      | Found Taco's Assorted Antiques.
  2844 | D:4      | Found a burning altar of Makhleb.
  2849 | D:4      | Reached XP level 7. HP: 48/48 MP: 7/7
  2853 | D:4      | Became a worshipper of Makhleb the Destroyer
  3010 | D:4      | Noticed Natasha
  3017 | D:4      | Killed Natasha
  3037 | D:4      | Found a staircase to the Ecumenical Temple.
  3148 | D:5      | Entered Level 5 of the Dungeon
  3148 | D:5      | Found Hod Asot's Assorted Antiques.
  3153 | D:5      | Bought a steaming gossamer ring for 130 gold pieces
  3153 | D:5      | Identified the ring of Wyde Hibul {Fire rN+ SInv} (You
                  | bought it in a shop on level 5 of the Dungeon)
  3208 | D:5      | Reached skill level 5 in Long Blades
  3332 | D:5      | HP: 2/49 [sky beast (5)]
  3334 | D:5      | Slain by a sky beast

Skill      XL: |  1  2  3  4  5  6  7 |
---------------+----------------------+-----
Stealth        | 1 2 3 4 |  4.8
Long Blades    | 3 4 5 |  5.1
Fighting       | 4 |  4.3
Shields        | 4 |  4.1
Dodging        | 4 |  4.0

Action                   |  1- 3 |  4- 6 |  7- 9 || total
-------------------------+-------+-------+-------++-------
Melee: Long sword        |    55 |   167 |    25 ||   247
       Constrict         |    17 |    49 |     5 ||    71
       Tentacles         |    13 |    32 |     7 ||    52
  Use: Scroll            |     2 |    12 |     2 ||    16
       Potion            |       |     1 |     2 ||     3
 Stab: Sleeping          |     7 |    10 |     2 ||    19
       Distracted        |       |     1 |       ||     1
  Eat: Chunk             |       |     6 |       ||     6
Armor: Skin              |     2 |     8 |       ||    10
Dodge: Dodged            |    18 |    68 |     7 ||    93
Block: Shield            |    16 |    76 |     9 ||   101
       Rpst.: Long sword |     7 |    14 |     4 ||    25
